[Event "*** Titled Tuesday 3|2 Blitz"]
[Site "Chess.com"]
[Date "2016.07.05"]
[Round "1"]
[White "oskariot"]
[Black "GeorgMeier"]
[Result "0-1"]
[WhiteElo "2273"]
[BlackElo "2649"]
[TimeControl "180+2"]
[EndTime "17:02:08 PDT"]
[Termination "GeorgMeier won by resignation"]

1. c4 Nf6 2. Nf3 e6 3. g3 d5 4. Bg2 dxc4 5. O-O a6 6. a4 Nc6 7. Qc2 Na5 8. Na3 Qd5 9. Rd1 Bd7 10.
d3 Nb3 11. dxc4 Nxa1 12. cxd5 Nxc2 13. Nxc2 Bxa4 0-1

[Event "*** Titled Tuesday 3|2 Blitz"]
[Site "Chess.com"]
[Date "2016.07.05"]
[Round "1"]
[White "jcibarra"]
[Black "LonesomeGeorge1"]
[Result "1-0"]
[WhiteElo "2651"]
[BlackElo "2283"]
[TimeControl "180+2"]
[EndTime "17:04:57 PDT"]
[Termination "jcibarra won by checkmate"]

1. e4 c5 2. Nf3 e6 3. d4 cxd4 4.
Nxd4 Nc6 5. Nc3 Qc7 6. Be3 a6 7. Qd2 Nf6 8. O-O-O Be7 9. f3 b5 10. g4 Nxd4 11. Bxd4 Bb7 12. g5 Nh5 13. Be5 Qxe5 14. Qxd7+ Kf8 15. Qxb7 Qb8 16. Qxb8+ Rxb8 17. Rg1 h6 18. g6 fxg6 19. Kb1 Nf4 20. Ne2 Nxe2 21. Bxe2 Kf7 22. f4 Rhd8 23. Bd3 g5 24. Rdf1 gxf4 25.
Rxf4+ Kg8 26. Rg6 Rb6 27. Rfg4 Kh8 28. Rxg7 Bf6 29. Rf7 Bg5 30. h4 Be3 31. e5 Rg8 32.
Rh7# 1-0

[Event "*** Titled Tuesday 3|2 Blitz"]
[Site "Chess.com"]
[Date "2016.07.05"]
[Round "1"]
[White "anon97531"]
[Black "Sanan_Sjugirov"]
[Result "0-1"]
[WhiteElo "2290"]
[BlackElo "2659"]
[TimeControl "180+2"]
[EndTime "17:05:26 PDT"]
[Termination "Sanan_Sjugirov won by resignation"]

1. e4 e5 2. f4 d5 3. exd5 exf4 4.
Nf3 Nf6 5. c4 c6 6. d4 cxd5 7.
Bxf4 Bb4+ 8. Nc3 O-O 9. Be2 dxc4 10. O-O Be6 11. Bg5 Nbd7 12. d5 Bg4 13. Bxc4 Rc8 14.
Bb3 h6 15. Bf4 Re8 16. h3 Bh5 17. Qd3 Qb6+ 18. Kh1 Nc5 19. Qd4 Bxc3 20. bxc3 Nxb3 21. Qxb6 axb6 22. axb3 Nxd5 23. Be5 Bxf3 0-1

[Event "*** Titled Tuesday 3|2 Blitz"]
[Site "Chess.com"]
[Date "2016.07.05"]
[Round "1"]
[White "destroyer305"]
[Black "Konavets"]
[Result "1-0"]
[WhiteElo "2222"]
[BlackElo "2482"]
[TimeControl "180+2"]
[EndTime "17:05:41 PDT"]
[Termination "destroyer305 won by resignation"]

1. e4 a6 2. d4 b5 3. c4 bxc4 4.
Bxc4 e6 5. Nc3 Bb7 6. Nf3 Bb4 7.
Qe2 Nf6 8. Bg5 h6 9. Bxf6 Qxf6 10. O-O O-O 11. a3 Ba5 12. Rac1 Nc6 13. Rfd1 Qg6 14.
d5 exd5 15. Nxd5 Rae8 16. Bd3 Nd4 17. Nxd4 Bxd5 18. exd5 Rxe2 19. Bxg6 Rxb2 20. Be4 Bb6 21. g3 Re8 22. Bf3 g6 23. Rc4 Kg7 24. a4 Ra2 25.
Kf1 Ra3 26. Kg2 Ra2 27. Rc2 Rxa4 28. Nb3 Rb4 29. Nc5 Rd8 30. Nxa6 Ra4 31. Nxc7 Rc8 32. Ne6+ dxe6 33. Rxc8 exd5 34. Rxd5 Ra2 35. Kh3 Rxf2 36.
Bg2 h5 37. Rc6 Be3 38. Rd3 Ba7 39. Rf3 Rxf3 40. Bxf3 f5 41. Rc7+ 1-0

[Event "*** Titled Tuesday 3|2 Blitz"]
[Site "Chess.com"]
[Date "2016.07.05"]
[Round "1"]
[White "EltajSafarli"]
[Black "simplerXiao"]
[Result "1-0"]
[WhiteElo "2793"]
[BlackElo "2325"]
[TimeControl "180+2"]
[EndTime "17:05:56 PDT"]
[Termination "EltajSafarli won by resignation"]

1. d4 Nf6 2. c4 e5 3. Nc3 exd4 4. Qxd4 Nc6 5. Qd2 Bc5 6. Nf3 d6 7. e3 a6 8. b3 O-O 9. Bb2 Bf5 10. Bd3 Bxd3 11.
Qxd3 Ne5 12. Qc2 Qe7 13. O-O-O b5 14. Nxe5 dxe5 15. Nd5 Nxd5 16. Rxd5 Ba3 17. Rhd1 Bxb2+ 18. Kxb2 bxc4 19. Qxc4 a5 20. a4 Qf6 21. R1d2 Rab8 22. Rxa5 e4+ 23. Qc3 Qg6 24. g3 Qe6 25. Rc5 Rfd8 26.
Rxd8+ Rxd8 27. Rxc7 Qf5 28. Ka3 h5 29. Qc2 Rd3 30. Qc5 Rd5 31. Qe7 Re5 32. Qd8+ Kh7 33.
Qd7 Qxf2 34. Qxf7 Qxf7 35. Rxf7 Kg6 36. Rf4 Kh6 37. h4 g5 38. hxg5+ Kxg5 39. b4 1-0

[Event "*** Titled Tuesday 3|2 Blitz"]
[Site "Chess.com"]
[Date "2016.07.05"]
[Round "1"]
[White "chessking2151"]
[Black "Hikaru"]
[Result "0-1"]
[WhiteElo "2336"]
[BlackElo "3000"]
[TimeControl "180+2"]
[EndTime "17:06:11 PDT"]
[Termination "Hikaru won by resignation"]

1. e4 e5 2. Nf3 Nc6 3. Bb5 Nf6 4. O-O d6 5. d4 exd4 6. Nxd4 Bd7 7. Nxc6 bxc6 8. Bd3 g6 9. c4 Bg7 10. Nc3 O-O 11. f3 c5 12. Be3 Rb8 13. Rb1 Be6 14.
Qa4 Nd7 15. Rfc1 Ne5 16. Bf1 Rb4 17. Qxa7 Bxc4 18. a3 Nc6 19. axb4 Nxa7 20. Bxc4 cxb4 21. Nd5 Nc6 22. Bf1 Nd4 23. Nxb4 c5 24. Nd5 Ne6 25. b4 cxb4 26. Rxb4 h5 27. Rbc4 Kh7 28. Be2 Bh6 29.
f4 Re8 30. g3 Bg7 31. Kf2 Nc5 32. Bxc5 dxc5 33. Bf3 Bd4+ 34. Kg2 Kg7 35. R1c2 Qa5 36. Re2 Qa1 37. Rcc2 h4 38. g4 h3+ 39. Kxh3 Rh8+ 40. Kg3 Qg1+ 41. Rg2 Qe1+ 42. Rcf2 Bxf2+ 43. Rxf2 Rxh2 44. Kxh2 Qxf2+ 45. Bg2 c4 0-1

[Event "*** Titled Tuesday 3|2 Blitz"]
[Site "Chess.com"]
[Date "2016.07.05"]
[Round "1"]
[White "E-Shaposhnikov"]
[Black "Superfelix"]
[Result "0-1"]
[WhiteElo "2655"]
[BlackElo "2332"]
[TimeControl "180+2"]
[EndTime "17:07:11 PDT"]
[Termination "Superfelix won on time"]

1. Nf3 Nf6 2. c4 g6 3. Nc3 Bg7 4. e4 d6 5. d4 O-O 6. Be2 Na6 7. O-O e5 8. Be3 Ng4 9. Bg5 Qe8 10. h3 f6 11. Bd2 Nh6 12. dxe5 dxe5 13. Be3 c6 14. c5 Nc7 15. Nd2 Nf7 16. Nc4 Ne6 17. b4 Kh8 18. Re1 f5 19. exf5 gxf5 20. Bh5 Qe7 21. Bxf7 Rxf7 22. Bd2 e4 23. Nd6 Rf8 24. Ne2 f4 25.
Nxe4 f3 26. N2g3 fxg2 27. Bc3 Nf4 28. Bxg7+ Qxg7 29. Kh2 Qh6 30. Qd4+ Kg8 31. Kg1 Nxh3+ 32.
Kxg2 Nf4+ 0-1

[Event "*** Titled Tuesday 3|2 Blitz"]
[Site "Chess.com"]
[Date "2016.07.05"]
[Round "1"]
[White "Boryboy"]
[Black "Quiet_Desperation"]
[Result "1-0"]
[WhiteElo "2500"]
[BlackElo "2168"]
[TimeControl "180+2"]
[EndTime "17:07:12 PDT"]
[Termination "Boryboy won by resignation"]

1. d4 Nf6 2. Nf3 e6 3. g3 d5 4. c4 Be7 5. Bg2 O-O 6. O-O dxc4 7. Ne5 a6 8. Nxc4 Nbd7 9. Nc3 c5 10. dxc5 Bxc5 11. Bf4 Nh5 12. Bd6 Bxd6 13. Qxd6 Ndf6 14. Rfd1 Qxd6 15. Rxd6 Rb8 16. Nb6 e5 17. Nca4 Be6 18.
Nc5 Rfd8 19. Rxd8+ Rxd8 20. Bxb7 Bh3 21. Bxa6 h6 22. a4 Rd2 23. a5 Rxb2 24. Bd3 e4 25. Nxe4 Nxe4 26. Bxe4 Rxe2 27. a6 Rxe4 28. a7 Re8 29. a8=Q Rxa8 30. Rxa8+ Kh7 31. Ra7 Be6 32. Nd7 Kg6 33. f3 Bxd7 34. Rxd7 Nf6 35. Ra7 Nh5 36.
Kf2 Nf6 37. Ke3 Nh5 38. Kd4 f6 39. Ke4 f5+ 40. Ke5 Nf6 41. Ra6 Kg5 42. Ra7 Kg6 43.
Ke6 h5 44. h4 Nh7 45. Ke5 Nf6 46. Ra6 1-0

[Event "*** Titled Tuesday 3|2 Blitz"]
[Site "Chess.com"]
[Date "2016.07.05"]
[Round "1"]
[White "AdrianaNikolova"]
[Black "DanielNaroditsky"]
[Result "0-1"]
[WhiteElo "2316"]
[BlackElo "2683"]
[TimeControl "180+2"]
[EndTime "17:07:15 PDT"]
[Termination "DanielNaroditsky won by resignation"]

1. e4 e5 2. Nf3 Nc6 3. Bb5 a6 4. Ba4 Nf6 5. O-O Be7 6. Re1 b5 7. Bb3 d6 8. h3 Na5 9. Nc3 Bb7 10. Nd5 Nxb3 11. axb3 Nxd5 12. exd5 Bxd5 13. d4 e4 14. Nd2 f5 15. c4 Bb7 16. Qh5+ g6 17. Qh6 Bf8 18.
Qf4 Bg7 19. d5 O-O 20. f3 g5 21. Qe3 c5 22. dxc6 Bxc6 23. fxe4 f4 24. Qd3 h5 25. Nf3 g4 26. Nd4 Qb6 27. Rd1 Rae8 28. Kh1 Bxe4 29. Qd2 f3 30. Qg5 fxg2+ 31. Kh2 Rf5 32. Qg6 g1=Q+ 33.
Kxg1 Rf1+ 34. Kxf1 Bxg6 0-1

[Event "*** Titled Tuesday 3|2 Blitz"]
[Site "Chess.com"]
[Date "2016.07.05"]
[Round "1"]
[White "saraswathii"]
[Black "matein28"]
[Result "1-0"]
[WhiteElo "2053"]
[BlackElo "2367"]
[TimeControl "180+2"]
[EndTime "17:07:21 PDT"]
[Termination "saraswathii won by checkmate"]

1. e4 d5 2. exd5 Qxd5 3. Nc3 Qa5 4. d4 c6 5. Nf3 Nf6 6. Be2 Bf5 7. O-O e6 8. Ne5 Nbd7 9. f4 Qb6 10. Nc4 Qc7 11. Ne5 h6 12. Be3 Bd6 13. Bd3 Bxd3 14. Qxd3 Rf8 15.
Ne2 O-O-O 16. Qb3 Nd5 17. Bd2 f6 18. Ng6 Rfe8 19. c4 Ne7 20. Nh4 c5 21. Be3 g5 22.
Nf3 gxf4 23. Bf2 e5 24. dxc5 Nxc5 25. Qc2 Kb8 26. b4 Ne6 27. c5 Nc8 28. Qf5 Bf8 29.
Qxf6 Bg7 30. Qf5 Ng5 31. Nxg5 hxg5 32. Nc3 Qe7 33. Ne4 Bh6 34. Rad1 Rf8 35. Qg6 Rh8 36.
Nd6 Nxd6 37. Rxd6 Rxd6 38. cxd6 Qg7 39. Qe6 g4 40. d7 g3 41. Qe8+ Rxe8 42. dxe8=Q+ Kc7 43.
Rc1+ Kd6 44. Rd1+ Kc7 45. Qd8+ Kc6 46. Qd6+ Kb5 47. Qc5+ Ka4 48. Qa5# 1-0

[Event "*** Titled Tuesday 3|2 Blitz"]
[Site "Chess.com"]
[Date "2016.07.05"]
[Round "1"]
[White "Journey_to_GrandMaster_YT"]
[Black "SwiftyMcBishop"]
[Result "1-0"]
[WhiteElo "2437"]
[BlackElo "2044"]
[TimeControl "180+2"]
[EndTime "17:07:23 PDT"]
[Termination "Journey_to_GrandMaster_YT won by resignation"]

1. d4 d5 2. Nf3 Nf6 3. e3 e6 4. Bd3 Bd6 5. Nbd2 Nbd7 6. b3 Qe7 7. Bb2 e5 8. dxe5 Nxe5 9. Be2 Bf5 10. O-O O-O 11.
Nd4 Bg6 12. Kh1 c6 13. f4 c5 14. Nb5 Neg4 15. Bxg4 Nxg4 16. Qxg4 f6 17. Nxd6 Qxd6 18. Rae1 Bxc2 19. e4 dxe4 20. Nxe4 Qa6 21. Nxc5 Qb5 22. Ne6 Rf7 23. Nd4 Qa6 24. Nxc2 Qd3 25. Nd4 Qd2 26. Re2 Qd3 27. Rfe1 Raf8 28. Nf5 Kh8 29. Re8 g6 30. Nh6 Rxe8 31. Rxe8+ Kg7 32. Rg8+ 1-0

[Event "*** Titled Tuesday 3|2 Blitz"]
[Site "Chess.com"]
[Date "2016.07.05"]
[Round "1"]
[White "theprosecution1"]
[Black "popov_m"]
[Result "0-1"]
[WhiteElo "2496"]
[BlackElo "2231"]
[TimeControl "180+2"]
[EndTime "17:07:30 PDT"]
[Termination "popov_m won by checkmate"]

1. e4 e6 2. d4 d5 3. Nc3 Bb4 4. e5 Ne7 5. a3 Bxc3+ 6. bxc3 b6 7. a4 Ba6 8. Bxa6 Nxa6 9. Qd3 Nb8 10. a5 Nbc6 11. axb6 axb6 12. Rxa8 Qxa8 13. Ne2 O-O 14. O-O Qa4 15. Nf4 Ra8 16. Nh5 Nf5 17. g4 Nfe7 18. Bh6 gxh6 19. Nf6+ Kf8 20. Qxh7 Ng6 21. h4 Ke7 22. h5 Nf4 23. Qxh6 Nxd4 24. cxd4 Qxd4 25.
Qg7 Ra3 26. Ng8+ Kd7 27. Qxf7+ Kc6 28. Ne7+ Kb7 29. Qe8 Ne2+ 30. Kh1 Rh3+ 31. Kg2 Qxg4# 0-1

[Event "*** Titled Tuesday 3|2 Blitz"]
[Site "Chess.com"]
[Date "2016.07.05"]
[Round "1"]
[White "ChessNinja48"]
[Black "FairChess_on_YouTube"]
[Result "0-1"]
[WhiteElo "2324"]
[BlackElo "2729"]
[TimeControl "180+2"]
[EndTime "17:07:32 PDT"]
[Termination "FairChess_on_YouTube won by resignation"]

1. d4 d5 2. c4 c6 3. Nf3 Nf6 4.
Nc3 a6 5. a4 e6 6. Bg5 a5 7. e3 Be7 8. Be2 Na6 9. O-O O-O 10.
Qb3 Nb4 11. Rad1 b6 12. Rfe1 Bb7 13. h3 h6 14. Bh4 Nd7 15. Bg3 Rc8 16. e4 Nf6 17. cxd5 cxd5 18. exd5 Nbxd5 19. Ne5 Bb4 20. Bc4 Nh5 21. Bh2 Nhf4 22. Rc1 Bxc3 23. bxc3 Nxg2 24. Kxg2 Ne3+ 25. Kg1 Nxc4 26. f3 Qg5+ 27. Kf2 Bd5 28.
Qc2 Qh5 29. Rg1 Nxe5 30. Bxe5 Qxf3+ 31. Ke1 f6 32. Qg6 Qe3+ 33. Kd1 Bb3+ 34. Rc2 Rf7 35. Bxf6 Qxc3 36. Bxg7 0-1

[Event "*** Titled Tuesday 3|2 Blitz"]
[Site "Chess.com"]
[Date "2016.07.05"]
[Round "1"]
[White "ZapataCharlesS"]
[Black "goingin33"]
[Result "1-0"]
[WhiteElo "2475"]
[BlackElo "2151"]
[TimeControl "180+2"]
[EndTime "17:07:33 PDT"]
[Termination "ZapataCharlesS won by resignation"]

1. e4 e6 2. d4 d5 3. exd5 exd5 4. Nf3 Nf6 5. Bd3 Bd6 6. O-O O-O 7. Bg5 h6 8. Bh4 c6 9. Nbd2 Bg4 10. c3 Nbd7 11. Qc2 Qc7 12. h3 Bxf3 13. Nxf3 Rfe8 14. Bxf6 Nxf6 15. Rfe1 Rxe1+ 16. Rxe1 Re8 17. Rxe8+ Nxe8 18. g3 Nf6 19. Kg2 Qe7 20. a4 a5 21. h4 Bc7 22. Qb3 b6 23. Ba6 Ne4 24. Qc2 Qd6 25. Ne5 Qf6 26. Nf3 Qd6 27. Qd3 g5 28. hxg5 hxg5 29.
Qe2 f6 30. Bd3 Qe7 31. Nd2 f5 32. f3 Qd6 33. fxe4 Qxg3+ 34. Kf1 fxe4 35. Nxe4 dxe4 36. Qxe4 Qf4+ 37. Ke2 Qxe4+ 38. Bxe4 c5 39. dxc5 bxc5 40. Kd3 Bf4 41. Kc4 Bc1 42. Kxc5 Bxb2 43. c4 Bc3 44.
Kd6 Kf8 45. c5 Bb4 46. Bf5 Ke8 47. Kc6 Kd8 48. Kb6 Bc3 49. c6 Be5 50. Kxa5 Kc7 51.
Kb5 Bd4 52. Bg4 Ba7 53. Bf3 Be3 54. a5 Bf2 55. Kc4 Be3 56. Kd5 Ba7 57. Ke6 Be3 58.
Kf5 Bd2 59. a6 Be3 60. Bg2 Bf4 61. a7 1-0

[Event "*** Titled Tuesday 3|2 Blitz"]
[Site "Chess.com"]
[Date "2016.07.05"]
[Round "1"]
[White "vellottiwizard"]
[Black "Zenzo"]
[Result "0-1"]
[WhiteElo "2532"]
[BlackElo "2339"]
[TimeControl "180+2"]
[EndTime "17:07:39 PDT"]
[Termination "Zenzo won by resignation"]

1. e4 e5 2. Nf3 Nc6 3. Bb5 a6 4. Ba4 Nge7 5. c3 g6 6. d4 exd4 7. cxd4 Bg7 8. O-O b5 9. Bb3 O-O 10. d5 Na5 11. Bc2 d6 12. Bd2 Nc4 13. Bc3 Bg4 14. Bxg7 Kxg7 15. Qd4+ Kg8 16. b3 c5 17. dxc6 Nxc6 18. Qc3 Bxf3 19. bxc4 Be2 20. Re1 Bxc4 21.
Nd2 Qa5 22. Qe3 Be6 23. Nf3 Ne5 24. Nd4 Rfe8 25. Nxe6 Rxe6 26. Bb3 Re7 27. Rac1 Rd8 28. Bd5 Nd7 29. Qg5 Rde8 30. f3 Nc5 31. Red1 Qb6 32.
Kh1 a5 33. Qf6 Nd7 34. Qf4 Ne5 35. h4 Kg7 36. h5 gxh5 37. Qg5+ Ng6 38. Qxh5 Re5 39.
Qg4 Qe3 40. Rc7 R8e7 41. Rxe7 Rxe7 42. Rf1 Qf4 43. Qxf4 Nxf4 44. Rd1 Rc7 45. g3 Ne2 46. Rd2 Nxg3+ 47. Kh2 Nf1+ 0-1

[Event "*** Titled Tuesday 3|2 Blitz"]
[Site "Chess.com"]
[Date "2016.07.05"]
[Round "1"]
[White "Viaje"]
[Black "pKiLz5Rn9b"]
[Result "1-0"]
[WhiteElo "2117"]
[BlackElo "2423"]
[TimeControl "180+2"]
[EndTime "17:07:44 PDT"]
[Termination "Viaje won by resignation"]

1. d4 e6 2. e4 d5 3. exd5 exd5 4. Nf3 Bd6 5. c4 dxc4 6. Bxc4 Ne7 7. O-O O-O 8. Nc3 Nbc6 9. h3 Bf5 10. Be3 Bg6 11.
Nh4 Nf5 12. Nxg6 hxg6 13. Qg4 Kh7 14. Ne4 Be7 15. Rad1 Nh6 16. Qf3 f5 17. Nc3 Bf6 18. Nd5 Na5 19. Bd3 Nc6 20. Bb1 Nf7 21. Nf4 Ng5 22.
Qg3 Ne7 23. h4 Ne4 24. Bxe4 fxe4 25. Ne6 Qd5 26. Nxc7 Qxa2 27. Nxa8 Rxa8 28. d5 Nxd5 29. Qg4 Qc4 30. h5 Ne7 31. hxg6+ Kg8 32. Rc1 Qb5 33. Qe6+ Kh8 34. Rc5 1-0

[Event "*** Titled Tuesday 3|2 Blitz"]
[Site "Chess.com"]
[Date "2016.07.05"]
[Round "1"]
[White "FearlessKing64"]
[Black "LaStreetCmaMaison"]
[Result "0-1"]
[WhiteElo "2115"]
[BlackElo "2465"]
[TimeControl "180+2"]
[EndTime "17:07:45 PDT"]
[Termination "LaStreetCmaMaison won by checkmate"]

1. e4 c5 2. Nf3 d6 3. d4 cxd4 4. Nxd4 Nf6 5. f3 e5 6. Bb5+ Nbd7 7. Nf5 a6 8. Bxd7+ Qxd7 9. Bg5 Qb5 10. Bxf6 Bxf5 11. exf5 Qxb2 12. Nd2 gxf6 13. O-O Qd4+ 14. Kh1 d5 15. Qe2 Rc8 16. c4 dxc4 17. Ne4 Be7 18.
Rad1 Qb6 19. Rb1 Qc7 20. f4 b5 21. fxe5 Qxe5 22. Rbe1 c3 23. Qc2 O-O 24. Ng3 Qd6 25. Nh5 Rfe8 26. Qe4 Qd2 27. Re3 Kh8 28. Rg3 c2 29. h3 c1=Q 30. Rxc1 Rxc1+ 31. Kh2 Qe1 32. Qg4 Qh1# 0-1

[Event "*** Titled Tuesday 3|2 Blitz"]
[Site "Chess.com"]
[Date "2016.07.05"]
[Round "1"]
[White "dcremisi"]
[Black "JusticeBot"]
[Result "0-1"]
[WhiteElo "2231"]
[BlackElo "2549"]
[TimeControl "180+2"]
[EndTime "17:08:15 PDT"]
[Termination "JusticeBot won by checkmate"]

1. d4 Nf6 2. c4 e6 3. Nf3 b6 4.
g3 Ba6 5. b3 d5 6. cxd5 exd5 7.
Bg2 Bb4+ 8. Bd2 Bd6 9. O-O O-O 10. Nc3 h6 11. Re1 Re8 12. e3 Nc6 13. Bf1 Bxf1 14. Rxf1 a6 15. Kg2 Qd7 16. Qe2 Nb4 17. Rfc1 c5 18. dxc5 bxc5 19. Na4 Qe7 20. Bxb4 cxb4 21. Nb6 Rad8 22. Qxa6 Qe4 23. Rd1 Bc5 24. Na4 Bxe3 25. fxe3 Ng4 26. Rd2 Nxe3+ 27. Kf2 Ng4+ 28. Kg2 Nxh2 29.
Kxh2 Qxf3 30. Qf1 Qh5+ 31. Qh3 Qg5 32. Rad1 Re3 33. Qg2 Rde8 34. Nc5 Qh5+ 35. Kg1 Re2 36. Rxe2 Rxe2 37. Qh1 Qe5 38. Qh4 Qe3+ 39. Kh1 Qf3+ 40.
Kg1 Qg2# 0-1

[Event "*** Titled Tuesday 3|2 Blitz"]
[Site "Chess.com"]
[Date "2016.07.05"]
[Round "1"]
[White "MFBerna"]
[Black "jefferyx"]
[Result "0-1"]
[WhiteElo "2255"]
[BlackElo "2586"]
[TimeControl "180+2"]
[EndTime "17:08:23 PDT"]
[Termination "jefferyx won by checkmate"]

1. d4 b5 2. a4 b4 3. Bf4 Bb7 4. e3 e6 5. Nf3 Be7 6. c4 d6 7. Bd3 g5 8. Bg3 g4 9. Nfd2 h5 10. f3 h4 11. Bf4 h3 12. gxh3 gxf3 13. Nxf3 Rxh3 14. Rf1 e5 15. dxe5 dxe5 16. Nxe5 Bh4+ 17. Ke2 Nh6 18. Nd2 Nd7 19. Ndf3 Nxe5 20. Nxe5 Qe7 21. c5 Bg5 22. Bb5+ c6 23. Qd5 cxb5 24. c6 Bxf4 25.
exf4 Bc8 26. c7 Bg4+ 27. Kf2 Rc8 28. Rae1 Be6 29. Qc6+ Kf8 30. axb5 Qh4+ 31. Kg1 Rxh2 32. Nd7+ Bxd7 33. Qd6+ Kg8 34. Qxd7 Qg3# 0-1

[Event "*** Titled Tuesday 3|2 Blitz"]
[Site "Chess.com"]
[Date "2016.07.05"]
[Round "1"]
[White "Alliswell998"]
[Black "CroatianPower"]
[Result "1-0"]
[WhiteElo "2181"]
[BlackElo "2476"]
[TimeControl "180+2"]
[EndTime "17:08:25 PDT"]
[Termination "Alliswell998 won by resignation"]

1. e4 e6 2. d4 d5 3. Nc3 Bb4 4. e5 c5 5. a3 Bxc3+ 6. bxc3 Qa5 7. Bd2 Qa4 8. Rb1 c4 9. Nh3 Ne7 10. Be2 Nbc6 11. O-O O-O 12. f4 f6 13. Kh1 b6 14.
Ra1 Bd7 15. Ra2 fxe5 16. fxe5 Rxf1+ 17. Qxf1 Rf8 18. Qe1 h6 19. Nf4 Nd8 20. Bh5 Be8 21.
h3 Bxh5 22. Nxh5 Nf5 23. Kh2 Qe8 24. Qe2 Qg6 25. Nf4 Qg3+ 26. Kg1 Nh4 27. Ra1 g5 28. Nh5 Nf3+ 29. Qxf3 Qxf3 30. gxf3 Rxf3 31. Kg2 Rf5 32.
Rf1 Rxf1 33. Kxf1 Kf7 34. Ke2 Kg6 35. Nf6 Kf5 36. Kf3 Nc6 37. Ne8 Kg6 38. Nc7 Kf7 39.
Kg4 Nd8 40. h4 gxh4 41. Kxh4 Kg6 42. a4 a5 43. Bc1 Nf7 44. Nxe6 Kf5 45. Nc7 Ke4 46.
e6 Nh8 47. Kh5 1-0

[Event "*** Titled Tuesday 3|2 Blitz"]
[Site "Chess.com"]
[Date "2016.07.05"]
[Round "1"]
[White "wonderfultime"]
[Black "pedromartinez91"]
[Result "1-0"]
[WhiteElo "2668"]
[BlackElo "2308"]
[TimeControl "180+2"]
[EndTime "17:08:28 PDT"]
[Termination "wonderfultime won by checkmate"]

1. d4 d5 2. c4 e6 3. Nc3 Nf6 4. Nf3 Be7 5. Bf4 O-O 6. e3 Nbd7 7. c5 c6 8. Bd3 b6 9. b4 a5 10. a3 Ba6 11. O-O Qc8 12. h3 Qb7 13. Qe2 Bxd3 14. Qxd3 Ra7 15. cxb6 Nxb6 16. b5 Nc4 17. a4 Bb4 18.
bxc6 Qxc6 19. Nb5 Raa8 20. Rfc1 Qb7 21. Ne5 Nxe5 22. Bxe5 Rfc8 23. Nc7 Ra7 24. Rc2 Nd7 25. Bg3 Nb6 26. Nb5 Raa8 27. Rac1 Rxc2 28. Rxc2 Nxa4 29. Rc7 Nb2 30. Qe2 Qa6 31. Qh5 g6 32.
Qf3 Rf8 33. Qf6 Nc4 34. Bf4 Qxb5 35. Bh6 Be7 36. Qg7# 1-0

[Event "*** Titled Tuesday 3|2 Blitz"]
[Site "Chess.com"]
[Date "2016.07.05"]
[Round "1"]
[White "SidArun"]
[Black "TyIerDurden"]
[Result "1/2-1/2"]
[WhiteElo "2073"]
[BlackElo "2434"]
[TimeControl "180+2"]
[EndTime "17:08:30 PDT"]
[Termination "Game drawn by repetition"]

1. d4 d5 2. Bf4 c6 3. Nf3 Nf6 4. e3 e6 5. c4 Be7 6. Nc3 O-O 7. Bd3 b6 8. Qb1 Bb7 9. O-O Nbd7 10. Ne5 h6 11. Bg3 Nh5 12. f4 Nxg3 13. hxg3 Nxe5 14. fxe5 dxc4 15. Bxc4 c5 16. Ne2 cxd4 17. Nxd4 Rc8 18.
Qd3 Bc5 19. Bb3 Bxd4 20. exd4 Bd5 21. Bc2 g6 22. Rf6 Qc7 23. Rc1 Kg7 24. Kh2 h5 25. g4 hxg4 26. Kg3 Rh8 27. Rf2 Rcf8 28. Kxg4 Qd8 29.
Rf6 Rh2 30. Rg1 Bxg2 31. Kg3 Rh3+ 32. Kxg2 Rxd3 33. Bxd3 Qc7 34. Kf2 Qd8 35. Ke3 Qd5 36. Bxg6 fxg6 37. Rgxg6+ Kh7 38. Rh6+ Kg7 39. Rhg6+ Kh7 40.
Rh6+ Kg7 41. Rhg6+ Kh7 42. Rh6+ Kg7 43. Rhg6+ 1/2-1/2

[Event "*** Titled Tuesday 3|2 Blitz"]
[Site "Chess.com"]
[Date "2016.07.05"]
[Round "1"]
[White "Izoria123"]
[Black "aripov96"]
[Result "1-0"]
[WhiteElo "2591"]
[BlackElo "2268"]
[TimeControl "180+2"]
[EndTime "17:08:32 PDT"]
[Termination "Izoria123 won by checkmate"]

1. e4 c5 2. Nf3 Nc6 3. Bb5 e6 4. O-O Nge7 5. Re1 a6 6. Bxc6 Nxc6 7. d4 cxd4 8. Nxd4 Bc5 9. Nxc6 bxc6 10. e5 O-O 11.
Nc3 d5 12. exd6 Bxd6 13. Qg4 e5 14. Qg3 Bf5 15. Ne4 Bxe4 16. Rxe4 f5 17. Re1 e4 18.
Bf4 Bxf4 19. Qxf4 Qf6 20. c3 Rad8 21. Rad1 Rxd1 22. Rxd1 Rd8 23. Rxd8+ Qxd8 24. g4 Qd1+ 25. Kg2 Qxg4+ 26. Qxg4 fxg4 27. Kg3 Kf7 28. Kf4 Kf6 29.
b4 h5 30. Kxe4 Kg5 31. a4 Kh4 32. c4 Kh3 33. b5 axb5 34. axb5 cxb5 35. cxb5 Kxh2 36.
b6 h4 37. b7 h3 38. b8=Q+ Kg1 39. Qg3+ Kh1 40. Qxg4 h2 41. Kf3 g5 42. Qg2# 1-0

[Event "*** Titled Tuesday 3|2 Blitz"]
[Site "Chess.com"]
[Date "2016.07.05"]
[Round "1"]
[White "Rock700chess"]
[Black "SavelijTartakover"]
[Result "0-1"]
[WhiteElo "2211"]
[BlackElo "2524"]
[TimeControl "180+2"]
[EndTime "17:08:34 PDT"]
[Termination "SavelijTartakover won by resignation"]

1. d4 Nf6 2. c4 g6 3. Nc3 Bg7 4. e4 d6 5. f3 O-O 6. Be3 b6 7.
Qd2 c5 8. Nge2 Ba6 9. Ng3 e6 10.
Be2 Nc6 11. dxc5 dxc5 12. O-O-O Qxd2+ 13. Rxd2 Rfd8 14. Rhd1 Rxd2 15. Rxd2 Rd8 16. Rxd8+ Nxd8 17. f4 Nc6 18. e5 Ne8 19. Kd2 f6 20. exf6 Nxf6 21.
b3 Nd4 22. Bxd4 cxd4 23. Nce4 Nxe4+ 24. Nxe4 Bh6 25. Kd3 Bxf4 26. Kxd4 Bxh2 27. g3 Bb7 28.
Ke5 Bxe4 29. Kxe4 Bxg3 30. b4 Bd6 31. a3 Kf7 32. Kd4 h5 33. c5 Bc7 34. a4 Kf6 35.
Ke4 a5 36. cxb6 Bxb6 37. bxa5 Bxa5 38. Bf1 g5 39. Bc4 Bc7 40. Kf3 g4+ 41. Ke4 h4 42.
Be2 Kg5 43. Bf1 h3 44. Ke3 Bb6+ 45. Ke4 Kh4 46. Ke5 g3 47. Kxe6 g2 48. Bxg2 hxg2 0-1

[Event "*** Titled Tuesday 3|2 Blitz"]
[Site "Chess.com"]
[Date "2016.07.05"]
[Round "1"]
[White "dretch"]
[Black "bilelou"]
[Result "1-0"]
[WhiteElo "2625"]
[BlackElo "2272"]
[TimeControl "180+2"]
[EndTime "17:08:36 PDT"]
[Termination "dretch won by resignation"]

1. d4 d5 2. c4 e6 3. Nc3 Be7 4. cxd5 exd5 5. Bf4 c6 6. e3 Bf5 7. Nge2 Nd7 8. Ng3 Bg6 9. h4 Bxh4 10. Qb3 Nb6 11.
a4 Bxg3 12. Bxg3 a5 13. Rc1 Ne7 14. Nb5 O-O 15. Nc7 Nd7 16. Nxa8 Qxa8 17. Bd6 Re8 18. Bxe7 Rxe7 19. Bd3 Nf6 20. Bxg6 hxg6 21. f3 g5 22. Kf2 g6 23. Rh2 Kg7 24. Rch1 Qc8 25. Rh8 Qf5 26. Qa3 c5 27. Kg3 Nh5+ 28. R8xh5 gxh5 29. Rxh5 b6 30.
dxc5 Qe5+ 31. Kf2 Kg6 32. f4 Qe4 33. Rxg5+ Kh7 34. Qc3 f6 35. Rg3 d4 36. Qxd4 Qc2+ 37.
Kg1 Qxc5 38. Qxf6 1-0

[Event "*** Titled Tuesday 3|2 Blitz"]
[Site "Chess.com"]
[Date "2016.07.05"]
[Round "1"]
[White "asms9699"]
[Black "rithwik2002"]
[Result "0-1"]
[WhiteElo "2357"]
[BlackElo "1986"]
[TimeControl "180+2"]
[EndTime "17:08:53 PDT"]
[Termination "rithwik2002 won by resignation"]

1. c4 Nf6 2. g3 g6 3. Bg2 Bg7 4.
Nc3 O-O 5. Nf3 d6 6. O-O c6 7. Rb1 Nbd7 8. b4 e5 9. d3 Re8 10. a4 a5 11. b5 Nc5 12. Ba3 Nfd7 13. bxc6 bxc6 14. Nd2 Qc7 15. Nb5 cxb5 16. Bxa8 b4 17. Bb2 Bb7 18. Bxb7 Qxb7 19. Nf3 Qc6 20. d4 exd4 21.
Bxd4 Qxa4 22. Bxg7 Qxd1 23. Rfxd1 Kxg7 24. Rxd6 Rxe2 25.
Kf1 Rc2 26. Nd2 Ne5 27. Rd5 Nxc4 28. Nxc4 Rxc4 29. Ke1 Rc3 30. Kd1 Nd3 31. f3 Nc5 32.
Rc1 Rd3+ 33. Rxd3 Nxd3 34. Ra1 a4 35. Kc2 Nc5 36. Rd1 Ne6 37. Rd5 Ng5 38. Rxg5 f5 39.
f4 h6 40. Kb2 hxg5 41. fxg5 Kf7 42. h4 Ke6 43. Kc2 f4 44. gxf4 Kf5 45. Kd3 Kxf4 46. h5 Kxg5 47. hxg6 Kxg6 48. Kc4 b3 49. Kc3 Kf5 50.
Kb2 Ke4 51. Kb1 Kd3 52. Kb2 Kd2 53. Kb1 Kc3 54. Kc1 b2+ 55. Kb1 a3 56. Ka2 Kc2 0-1